 Dungeon Crawl Stone Soup version 0.27-b1-2-g8387495791 (webtiles) character file.

Game seed: 1281170076106812015

77 pikapanic the Grave Robber (level 4, 0/30 HPs)
             Began as a Mummy Necromancer on July 26, 2021.
             Slain by an orc (1 damage)
             ... on level 3 of the Dungeon.
             The game lasted 00:18:18 (2463 turns).

pikapanic the Grave Robber (Mummy Necromancer)      Turns: 2463, Time: 00:18:20

Health: 0/30       AC:  2    Str: 11    XL:     4   Next: 13%
Magic:  6/9        EV: 12    Int: 15    God:
Gold:   77         SH:  0    Dex: 12    Spells: 5/10 levels left

rFire    x . .     SeeInvis .   d - +2 short sword (elec)
rCold    + . .     Faith    .   (no shield)
rNeg     + + +     Spirit   .   a - +0 robe
rPois    ∞         Reflect  .   (no helmet)
rElec    .         Harm     .   (no cloak)
rCorr    .         Rampage  .   (no gloves)
Will     .....                  (no boots)
Stlth    ++........             (no amulet)
HPRegen  0.10/turn              (no ring)
MPRegen  0.11/turn              (no ring)

@: no status effects
A: cold resistance 1, negative energy resistance 3, torment resistance 2, heat
vulnerability 1, no potions
a: no special abilities


You were on level 3 of the Dungeon.
You visited 1 branch of the dungeon, and saw 3 of its levels.

You collected 77 gold pieces.

Inventory:

Hand Weapons
 c - a +0 dagger
 d - a +2 short sword of electrocution (weapon)
 g - a +0 short sword
 i - a +0 short sword
 j - a +0 club
 l - a +0 dagger
 m - a +0 club
 t - a +0 whip
 v - a +0 club
Missiles
 b - 52 stones
 f - 8 poisoned darts
 h - 49 arrows
 n - 21 bolts
 u - 21 sling bullets
Armour
 a - a +0 robe (worn)
 p - a +0 plate armour
 r - a +0 leather armour
Scrolls
 o - a scroll of silence
 q - a scroll of vulnerability {unknown}
 s - 2 scrolls of identify
Potions
 e - a potion of might {unknown}
 k - a potion of resistance {unknown}


   Skills:
 + Level 0.2 Fighting
 + Level 0.1 Short Blades
 + Level 1.7 Dodging
 + Level 1.9 Stealth
 + Level 3.5 Spellcasting
 + Level 5.0 Necromancy


You had 5 spell levels left.
You knew the following spells:

 Your Spells              Type           Power      Damage    Failure   Level
a - Pain                  Necr           68%        1d7       2%          1
b - Animate Skeleton      Necr           34%        N/A       2%          1
c - Vampiric Draining     Necr           8%         2d7       7%          3

Your spell library contained the following spells:

 Spells                   Type           Power      Damage    Failure   Level
 Animate Dead             Necr           8%         N/A       24%         4
 Agony                    Necr           17%        N/A       54%         5
 Summon Hydra             Summ           1%         N/A       100%        7
 Sublimation of Blood     Necr           Unusable   N/A       N/A         2
 Wereblood                Tmut           Unusable   N/A       N/A         2

Dungeon Overview and Level Annotations

Branches:
Dungeon (3/15)

Altars:


Innate Abilities, Weirdness & Mutations

You are immune to poison.
Your flesh is cold resistant. (rC+)
You are immune to negative energy. (rN+++)
You are immune to unholy pain and torment.
You are vulnerable to heat. (rF-)
You do not drink.


Message History

The orc shouts!
The orc writhes in agony.
An orc comes into view. It is wielding a +2 vorpal flail.
Casting: Pain (safe; 2% risk of failure)
Confirm with . or Enter, or press ? or * to list all spells.
Aiming: Pain (safe; 2% risk of failure)
Press: ? - help, Shift-Dir - straight line, f/p - orc
Aim: an orc, wielding a +0 hand axe (moderately wounded, chance to affect: 87%)
The orc writhes in agony.
Casting: Pain (safe; 2% risk of failure)
Confirm with . or Enter, or press ? or * to list all spells.
Aiming: Pain (safe; 2% risk of failure)
Press: ? - help, Shift-Dir - straight line, f/p - orc
Aim: an orc, wielding a +0 hand axe (moderately wounded, chance to affect: 87%)
The orc writhes in agony.
An orc comes into view. It is wielding a +0 short sword.
You closely miss the orc.
The orc is almost dead.
You hit the orc.
The orc is heavily wounded.
You hit the orc.
The orc is almost dead.
The orc hits you with a +0 hand axe. The orc misses you.
You hit the orc. Lightning courses through the orc!
You kill the orc!
The orc hits you but does no damage.
You completely miss the orc.
The orc hits you with a +2 vorpal flail!
The orc barely misses you. The orc barely misses you.
The orc barely misses you. The orc closely misses you.
The orc hits you with a +0 hand axe!
There is a stone staircase leading up here.
The orc hits you with a +0 short sword.
* * * LOW HITPOINT WARNING * * *
The orc hits you with a +0 hand axe.
* * * LOW HITPOINT WARNING * * *
The orc hits you with a +2 vorpal flail.
* * * LOW HITPOINT WARNING * * *
You die...

..........##
....>.......#
............#
............#
............#
#..........####
#.#.†.........#
#.....o@...#
#..>..oo...#
#$.........#
###.......^..##
......).......#
#####.).....#.#
##.....##.#
####### . #


You could see 3 orcs.

Vanquished Creatures
  3 adders (D:2)
  A worm (D:2)
  An orc (D:3)
  3 bats
  7 endoplasms
  A giant cockroach (D:1)
  5 goblins
  4 hobgoblins
  3 jackals (D:2)
  4 kobolds
  5 ball pythons
  A frilled lizard (D:1)
  4 rats
42 creatures vanquished.

Notes
Turn   | Place    | Note
-------+----------+-------------------------------------------
     0 | D:1      | pikapanic the Mummy Necromancer began the quest for the
                  | Orb.
     0 | D:1      | Reached XP level 1. HP: 13/13 MP: 4/4
   521 | D:1      | Reached XP level 2. HP: 19/19 MP: 3/5
   767 | D:1      | Learned a level 1 spell: Animate Skeleton
  1645 | D:2      | Reached XP level 3. HP: 24/24 MP: 2/7
  1892 | D:2      | Found a faded altar of an unknown god.
  1947 | D:2      | Learned a level 3 spell: Vampiric Draining
  1977 | D:2      | Reached skill level 5 in Necromancy
  2312 | D:2      | Reached XP level 4. HP: 30/30 MP: 9/9
  2463 | D:3      | HP: 1/30 [orc (4)]
  2463 | D:3      | Slain by an orc

Illustrated notes

Levels and vault maps discovered:
D:1:      eino_arrival_cavern_b, layout_basic
D:2:      layout_basic, hellmonk_ecumenical_altar_run_dry, minmay_crystal_water,
          minivault_4, hangedman_decor_slide_cut
D:3:      layout_rooms, nicolae_uskayaw_dance_hall

Skill      XL: |  1  2  3 |
---------------+----------+-----
Spellcasting   | 3 |  3.5
Necromancy     | 5 |  5.0
Fighting       | |  0.2
Short Blades   | |  0.1
Dodging        | |  1.7
Stealth        | |  1.9

Action                   |  1- 3 |  4- 6 || total
-------------------------+-------+-------++-------
Melee: Short sword       |    35 |     6 ||    41
 Cast: Pain              |    40 |     7 ||    47
       Animate Skeleton  |     2 |       ||     2
  Use: Scroll            |     1 |       ||     1
 Stab: Sleeping          |     1 |       ||     1
Armor: Robe              |     9 |     1 ||    10
Dodge: Dodged            |    27 |     5 ||    32
